 Dungeon Crawl Stone Soup version 0.27.0-1-g7a089689b8 (webtiles) character file.

Game seed: 16907361403599144782

169 sanka the Magician (level 5, 0/35 HPs)
             Began as a Djinni Air Elementalist on July 31, 2021.
             Slain by a lemure (9 damage)
             ... led by Pikel
             ... on level 3 of the Dungeon.
             The game lasted 00:04:06 (4460 turns).

sanka the Magician (Djinni Air Elementalist)        Turns: 4460, Time: 00:04:07

Health: 0/35       AC:  2    Str:  7    XL:     5   Next: 79%
Gold:   167        EV: 12    Int: 17    God:
                   SH:  0    Dex: 14

rFire    + + .     SeeInvis .   (no weapon)
rCold    x . .     Faith    .   (no shield)
rNeg     . . .     Spirit   .   a - +0 robe
rPois    ∞         Reflect  .   (no helmet)
rElec    .         Harm     .   (no cloak)
rCorr    .         Rampage  .   (no gloves)
Will     .....                  (boots unavailable)
Stlth    ++........             (no amulet)
HPRegen  0.11/turn              (no ring)
MPRegen  0.00/turn              (no ring)

@: flying
A: sickness immunity, fire resistance 2, cold vulnerability 1, float, innate
caster, hp casting, extra vitality 1
a: no special abilities


You were on level 3 of the Dungeon.
You visited 1 branch of the dungeon, and saw 4 of its levels.

You collected 167 gold pieces.


Innate Abilities, Weirdness & Mutations

You are immune to sickness and miasma.
You are immune to poison.
Your flesh is very heat resistant. (rF++)
You are vulnerable to cold. (rC-)
You float through the air rather than walking.
You learn spells naturally, not from books.
Your magical power is your life essence.
You have superior vitality. (+4 HP)


   Skills:
 - Level 2.1 Dodging
 - Level 1.5 Stealth
 + Level 4.6 Spellcasting


You couldn't memorise any spells.
You knew the following spells:

 Your Spells              Type           Power      Damage    Failure   Level
s - Swiftness             Air            19%        N/A       6%          3
u - Wereblood             Tmut           19%        N/A       3%          2
x - Airstrike             Air            9%         N/A       22%         4
y - Magic Dart            Conj           76%        1d6       2%          1
z - Shock                 Conj/Air       76%        1d7       2%          1
Z - Static Discharge      Conj/Air       19%        N/A       3%          2
Your spell library was empty.

Inventory:

Armour
 a - a +0 robe (worn)
 f - a +0 cloak
Magical Staves
 m - a staff of poison
Wands
 l - a wand of mindburst (9)
Scrolls
 g - 2 scrolls of teleportation {unknown}
 i - 2 scrolls of noise {unknown}
 j - 5 scrolls of identify {unknown}
Potions
 b - 2 potions of curing {unknown}
 c - 2 potions of magic {unknown}
 d - a potion of haste {unknown}
 e - a potion of heal wounds {unknown}
 h - 2 potions of resistance {unknown}
 k - a potion of cancellation {unknown}

Dungeon Overview and Level Annotations

Branches:
Dungeon (4/15)
 Temple: D:4-7

Altars:
Uskayaw

Annotations:
D:2 1 runed translucent door, Crazy Yiuf
D:4 Pikel

.......▒....▒ ▒▒.▒.▒...▒▒.▒▒
...▒.▒▒▒▒▒..>▒▒▒▒▒▒▒▒▒▒▒▒
...▒....................▒▒▒▒▒
▒.▒▒▒▒▒▒▒▒...▒▒▒▒▒▒.........▒
▒.▒ ▒▒.▒▒ ▒.▒.▒.▒▒▒.▒ ▒.▒ ▒.▒
▒▒▒▒.▒.▒.▒▒▒.▒ ▒.▒ ▒.▒
▒....▒....▒▒.▒ ▒.▒ ▒▒'▒▒
▒R▒▒▒▒▒▒▒.▒▒.▒ ..▒
▒▒...▒▒▒.5..▒.)..▒▒.▒ ▒▒▒
▒▒.....▒▒▒▒▒.▒.▒▒▒▒▒.▒ ▒.▒▒
▒▒.).....▒▒ ▒.▒.▒▒▒▒▒.▒
...▒▒▒▒.........▒▒▒.>.......▒
......+.........'.......▒▒▒▒▒
...▒▒▒▒.........▒▒▒▒...▒▒
▒.▒▒ ▒▒.......▒▒ ▒..▒▒ ...▒
▒▒.....▒▒ ▒.▒▒


You could see a lemure.


Message History

The lemure misses you.
Aiming: Shock (safe; 2% risk of failure)
The zap hits the lemure.
The lemure is almost dead.
The zap hits the lemure!
You kill the lemure!
That felt strangely unrewarding.
The zap misses the lemure.
Unknown command.
Aiming: Shock (safe; 2% risk of failure)
The zap hits the lemure but does no damage.
The lemure is heavily wounded.
The zap hits the lemure.
The lemure is severely wounded.
The lemure closely misses you.
Unknown command.
Aiming: Shock (safe; 2% risk of failure)
The zap hits the lemure.
The lemure is severely wounded.
The zap hits the lemure.
The lemure is almost dead.
The lemure hits you!
* * * LOW HITPOINT WARNING * * *
Unknown command.
Aiming: Shock (safe; 2% risk of failure)
The zap misses the lemure.
The zap misses the lemure.
* * * LOW HITPOINT WARNING * * *
The lemure hits you!
You die...

Action                   |  1- 3 |  4- 6 || total
-------------------------+-------+-------++-------
 Cast: Shock             |    72 |   102 ||   174
Armor: Robe              |     2 |     3 ||     5
Dodge: Dodged            |     7 |    10 ||    17

Levels and vault maps discovered:
D:1:      wander_arrival_estate, layout_basic, serial_bayou_crossing
D:2:      layout_loops_ring, chequers_serial_rivers_micro_d,
          grunt_decor_resistance, uniq_crazy_yiuf_cottage
D:3:      layout_loops_corners
D:4:      layout_rooms, grunt_temple_overflow_open, uniq_pikel

Notes
Turn   | Place    | Note
-------+----------+-------------------------------------------
     0 | D:1      | sanka the Djinni Air Elementalist began the quest for the
                  | Orb.
     0 | D:1      | Reached XP level 1. HP: 15/15 MP: 0/0
   246 | D:1      | Reached XP level 2. HP: 15/21 MP: 0/0
   513 | D:1      | Reached skill level 3 in Spellcasting
   901 | D:1      | Reached XP level 3. HP: 23/25 MP: 0/0
   901 | D:1      | Learned a level 1 spell: Magic Dart
  1556 | D:2      | Found a runed translucent door.
  1557 | D:2      | Noticed Crazy Yiuf
  2018 | D:2      | Reached XP level 4. HP: 30/31 MP: 0/0
  2775 | D:3      | Reached skill level 4 in Spellcasting
  3055 | D:3      | Reached XP level 5. HP: 27/35 MP: 0/0
  3055 | D:3      | Learned a level 2 spell: Wereblood
  3745 | D:4      | Found a hide-covered altar of Uskayaw.
  3831 | D:4      | Noticed a lemure
  3831 | D:4      | Noticed a lemure
  3858 | D:4      | Killed a lemure
  3859 | D:4      | Killed a lemure
  4411 | D:4      | Noticed Pikel
  4412 | D:4      | Noticed a lemure
  4440 | D:4      | Noticed a lemure
  4457 | D:3      | Killed a lemure
  4460 | D:3      | Slain by a lemure

Vanquished Creatures
  3 lemures
  An iguana (D:4)
  2 hound skeletons (D:4)
  5 adders
  An adder skeleton (D:3)
  A dart slug (D:3)
  7 bats
  7 endoplasms
  3 giant cockroaches
  6 hobgoblins
  4 jackals (D:1)
  3 quokkas
  7 ball pythons
  2 frilled lizards
  6 goblins
  5 kobolds
  5 rats
68 creatures vanquished.

Vanquished Creatures (others)
  A plant (D:1)
1 creature vanquished.

Grand Total: 69 creatures vanquished
